 Dungeon Crawl Stone Soup version 0.29.0-4-gdea44cf6ec (webtiles) character file.

Game seed: 5300808217354866203

25 qw the Sneak (level 3, -4/23 HPs)
             Began as a Gargoyle Delver on Sept 10, 2022.
             Shot with an arrow by a centaur (13 damage)
             ... on level 5 of the Dungeon.
             The game lasted 00:00:04 (377 turns).

qw the Sneak (Gargoyle Delver)                       Turns: 377, Time: 00:00:04

Health: -4/23      AC:  6    Str: 17    XL:     3   Next: 6%
Magic:  3/3        EV: 11    Int: 10    God:
Gold:   0          SH:  0    Dex: 11    Spells: 2/2 levels left

rFire   . . .      SeeInvis .   a - +0 hand axe
rCold   . . .      Faith    .   (no shield)
rNeg    + . .      Spirit   .   b - +0 leather armour
rPois   inf        Reflect  .   (no helmet)
rElec   +          Harm     .   (no cloak)
rCorr   .          Rampage  .   (no gloves)
Will    .....                   (no boots)
Stlth   +++.......              (no amulet)
HPRegen 0.07/turn               (no ring)
MPRegen 0.08/turn               (no ring)

@: no status effects
A: sickness immunity, AC +3, negative energy resistance 1, electricity
resistance, torment resistance 1, petrification resistance
a: no special abilities


You were on level 5 of the Dungeon.
You visited 1 branch of the dungeon, and saw 1 of its levels.


Innate Abilities, Weirdness & Mutations

You are immune to sickness and miasma.
Your stone body is resilient. (AC +3)
You are immune to poison.
You resist negative energy. (rN+)
You are resistant to electric shocks. (rElec)
You are resistant to unholy torment.
You are immune to petrification.


   Skills:
 - Level 3.2 Fighting
 + Level 3.1 Axes
 - Level 1.5 Dodging
 - Level 5.4 Stealth


You had 2 spell levels left.
You didn't know any spells.
Your spell library was empty.

Inventory:

Hand Weapons
 a - a +0 hand axe (weapon)
Armour
 b - a +0 leather armour (worn)
Wands
 g - a wand of digging (3)
Scrolls
 c - a scroll of fog
 d - a scroll of magic mapping
 e - a scroll of fear
Potions
 f - a potion of haste

Dungeon Overview and Level Annotations

Branches:
Dungeon (5/15)
 Temple: D:4-7

Altars:


Message History

370 ||| Stepping ~*~*~tactically~*~*~ (hiding).
The hound stops to sniff the ground.
You barely miss the hound. The hound barely misses you.
The hound closely misses you.
You hit the hound.
The hound is lightly wounded.
The hound bites you but does no damage. The hound bites you.
You hit the hound but do no damage.
The hound is lightly wounded.
You hit the iguana but do no damage. The hound closely misses you.
The iguana barely misses you.
You hit the hound.
The hound is heavily wounded.
You barely miss the iguana. The hound misses you.
A centaur comes into view.
The hound barely misses you.
The white imp shouts, "Crawl home, thou dankish motley-minded minnow reeky!"
The iguana bites you.
The centaur shouts!
You hit the hound.
The hound is almost dead.
You hit the iguana.
You hear an angry hiss.
You hear a shout! x3
The hound bites you but does no damage.
An ogre comes into view. It is wielding a +0 giant spiked club.
The iguana bites you but does no damage.
The hound bites you.
You miss the hound.
The hound is almost dead.
You hit the iguana.
A centaur comes into view.
The hound bites you. The iguana closely misses you.
You hit the hound.
You kill the hound!
You hit the iguana but do no damage. You closely miss the white imp.
The centaur wields a +0 shortbow.
The centaur shoots an arrow.
The arrow hits you!
Ouch! That really hurt!
You die...

## ..##+. #.#
.#...# #..#
.....# #..#
.....# #..#
.O...# #..#
c#l.5 #..#..#
#.%#.# .#. ####
##@l.###...
#...####5#...#..
.....(##....c...
........##.####.
...........#
...........#
...........#
#..........#
#..........##


You could see an ogre, 2 centaurs, an iguana and a white imp.

Vanquished Creatures
  A hound (D:5)
  An iguana (D:5)
2 creatures vanquished.

Notes
Turn   | Place    | Note
-------+----------+-------------------------------------------
     0 | D:5      | qw the Gargoyle Delver began the quest for the Orb.
     0 | D:5      | Reached XP level 1. HP: 14/14 MP: 1/1
     0 | D:5      | 0 ||| qw: Version: 0.1-a-116-g5d60599
     0 | D:5      | 0 ||| qw: Game counter: 9413
     0 | D:5      | 0 ||| qw: Always use a shield: true
     0 | D:5      | 0 ||| qw: God list: Okawaru
     0 | D:5      | 0 ||| qw: Allow faded altars: false
     0 | D:5      | 0 ||| qw: Do Orc after D:15 true
     0 | D:5      | 0 ||| qw: Do second Lair branch before Depths: true
     0 | D:5      | 0 ||| qw: Lair rune preference: random
     0 | D:5      | 0 ||| qw: Plans: Normal
     0 | D:5      | 0 ||| PLANNING D:1-11
    36 | D:5      | Noticed an iguana
    53 | D:5      | HP: 1/14 [iguana (4)]
    55 | D:5      | Killed an iguana
    56 | D:5      | Reached skill level 3 in Axes
    56 | D:5      | Reached XP level 2. HP: 1/19 MP: 2/2
    56 | D:5      | Reached XP level 3. HP: 2/23 MP: 3/3
   370 | D:5      | 370 ||| Stepping ~*~*~tactically~*~*~ (hiding).
   374 | D:5      | Noticed a centaur
   375 | D:5      | Noticed an ogre
   376 | D:5      | Noticed a centaur
   377 | D:5      | Shot with an arrow by a centaur

Levels and vault maps discovered:
D:5:      layout_cave_pods, minmay_temple_entry_large_hall,
          minmay_fractal_squares_diagonal_5

Skill      XL: |  1 |
---------------+----+-----
Axes           | 3 |  3.1
Fighting       | |  3.2
Dodging        | |  1.5
Stealth        | |  5.4

Action                   || total
-------------------------++-------
Melee: Hand axe          ||    14
Armor: Leather armour    ||     3
Dodge: Dodged            ||    12

Table legend:
 A = Non-vault XP
 B = Vault XP
 C = Vault XP percentage of total XP
 D = Non-vault monster count
 E = Vault monster count
 F = Vault count percentage of total count
                 A         B        C        D         E       F
            +---------+---------+-------+---------+---------+-------
      Total |      80 |       0 |   0.0 |       2 |       0 |   0.0
            +---------+---------+-------+---------+---------+-------
        D:5 |      80 |       0 |   0.0 |       2 |       0 |   0.0
            +---------+---------+-------+---------+---------+-------
